 Dungeon Crawl Stone Soup version 0.18.1-50-g88ac8fd (webtiles) character file.

42 Ginkk the Skirmisher (level 3, 0/30 HPs)
             Began as a Demonspawn Abyssal Knight on Nov 14, 2016.
             Was a Follower of Lugonu.
             Slain by Robin
             ... wielding a +2 trident of piercing
              (1 damage)
             ... on level 2 of the Dungeon.
             The game lasted 00:04:25 (930 turns).

Ginkk the Skirmisher (Demonspawn Abyssal Knight)     Turns: 930, Time: 00:04:26

Health: 0/30       AC:  9    Str: 12    XL:     3   Next: 35%
Magic:  5/5        EV:  6    Int: 14    God:    Lugonu [*.....]
Gold:   49         SH: 10    Dex: 12    Spells: 0 memorised, 2 levels left

rFire  . . .     SeeInvis .     a - +1 mace
rCold  . . .     Gourm    .     l - +2 leather armour {rPois}
rNeg   . . .     Faith    .     e - +0 large shield
rPois  +         Spirit   .     (no helmet)
rElec  .         Dismiss  .     (no cloak)
rCorr  .         Reflect  .     (no gloves)
SustAt .         Harm     .     (no boots)
MR     .....                    (no amulet)
Stlth  +.........               (no ring)
                                (no ring)

@: drained, not resistant to hostile enchantments, very unstealthy
A: iridescent scales 1
a: Depart the Abyss, Renounce Religion


You were on level 2 of the Dungeon.
You worshipped Lugonu.
Lugonu was aware of your devotion.
You were not hungry.

You visited 1 branch of the dungeon, and saw 3 of its levels.
You visited the Abyss 1 time.

You collected 49 gold pieces.

Inventory:

Hand Weapons
 a - a +1 mace (weapon)
Missiles
 f - 23 bolts
 g - 25 stones (quivered)
 k - 15 sling bullets
Armour
 e - a +0 large shield (worn)
 l - a +2 leather armour of poison resistance (worn)
Scrolls
 i - a scroll of teleportation
Comestibles
 c - a bread ration
 d - a meat ration
 h - 2 royal jellies
 j - 3 chunks of flesh


   Skills:
 + Level 3.9(3.1) Fighting
 + Level 1.7(1.0) Maces & Flails
 + Level 1.9(1.2) Armour
 + Level 1.6(0.9) Dodging
 + Level 0.1(0.0) Shields
 + Level 2.7(2.0) Invocations


You had 2 spell levels left.
You didn't know any spells.

Dungeon Overview and Level Annotations

Branches:
Dungeon (3/15)

Altars:
The Shining One

Annotations:
D:2 Ijyb, Robin


Innate Abilities, Weirdness & Mutations

You are partially covered in iridescent scales (AC +4).


Message History

Lugonu accepts your kill. You block Robin's attack.
You block the hobgoblin's attack.
You closely miss the hobgoblin. You block Robin's attack.
You block the hobgoblin's attack.
Your shield prevents you from hitting the hobgoblin.
You block Robin's attack. The hobgoblin hits you with a club.
Robin hits you from afar with a trident of piercing.
* * * LOW HITPOINT WARNING * * *
x2 You block the hobgoblin's attack.
You hit the hobgoblin.
The hobgoblin is severely wounded.
Robin hits you but does no damage. You block the hobgoblin's attack.
Your shield prevents you from hitting the hobgoblin.
The hobgoblin is severely wounded.
You block the hobgoblin's attack. You block Robin's attack.
You hit the hobgoblin but do no damage.
The hobgoblin is severely wounded.
Robin hits you from afar with a trident of piercing!
* * * LOW HITPOINT WARNING * * *
You die...

##... #... ...
... #.# #.#
#.#####...
#)@gg....#
#)######.. #.#
#.# ########.#
#......[.#
...####..#
..####..#######
...............


You could see Robin and a hobgoblin.

Vanquished Creatures
  An adder (D:2)
  A dart slug (D:1)
  3 giant geckos (D:2)
  9 goblins
  A hobgoblin (D:2)
  4 jackals (D:1)
  A giant newt (D:1)
  4 kobolds
  A rat (D:1)
25 creatures vanquished.

Notes
Turn   | Place    | Note
--------------------------------------------------------------
     0 | Abyss:1  | Ginkk the Demonspawn Abyssal Knight began the quest for the Orb.
     0 | Abyss:1  | Reached XP level 1. HP: 18/18 MP: 2/2
    39 | Abyss:1  | Noticed an ettin skeleton
    41 | D:1      | Escaped the Abyss
    59 | D:2      | Found a glowing golden altar of the Shining One.
    68 | D:2      | Reached skill level 1 in Dodging
    85 | D:2      | Noticed Ijyb
   260 | D:1      | Gained mutation: You are partially covered in iridescent scales (AC +4). [demonic ancestry]
   260 | D:1      | Reached XP level 2. HP: 21/24 MP: 3/3
   422 | D:2      | HP: 1/24 [poisoned by an adder]
   435 | D:2      | Reached * piety under Lugonu
   435 | D:2      | HP: 1/25 [giant gecko (1)]
   779 | D:2      | Reached XP level 3. HP: 30/30 MP: 5/5
   901 | D:2      | Noticed Robin
   930 | D:2      | HP: 1/30 [Robin/trident of piercing (7)]
   930 | D:2      | Slain by Robin

Skill      XL: |  1 |
---------------+----+-----
Dodging        | 1 |  1.6
Fighting       | |  3.9
Maces & Flails | |  1.7
Armour         | |  1.9
Shields        | |  0.1
Invocations    | |  2.7

Action                   || total
-------------------------++-------
Melee: Mace              ||    76
Invok: Depart the Abyss  ||     1
  Use: Scroll            ||     3
Armor: Leather armour    ||    30
Dodge: Dodged            ||    29
Block: Large shield      ||    55
